 Dungeon Crawl Stone Soup version 0.22.0-6-g71bd7aa6b3 (webtiles) character file.

85 Esekla the Cutter (level 4, -3/26 HPs)
             Began as a Deep Elf Warper on Aug 15, 2018.
             Slain by an iguana (5 damage)
             ... on level 4 of the Dungeon.
             The game lasted 00:26:08 (3065 turns).

Esekla the Cutter (Deep Elf Warper)                 Turns: 3065, Time: 00:26:09

Health: -3/26      AC:  6    Str:  8    XL:     4   Next: 25%
Magic:  9/10       EV: 18    Int: 18    God:
Gold:   227        SH:  0    Dex: 15    Spells: 5/9 levels left

rFire    . . .     SeeInvis .   a - +0 short sword
rCold    . . .     Gourm    .   (no shield)
rNeg     . . .     Faith    .   b - +0 leather armour
rPois    .         Spirit   .   (no helmet)
rElec    .         Reflect  .   (no cloak)
rCorr    .         Harm     .   (no gloves)
MR       .....                  (no boots)
Stlth    ++........             m - amulet of the acrobat
HPRegen  0.08/turn              t - +5 ring of evasion
MPRegen  0.12/turn              v - +3 ring of protection (curse)

@: no status effects
A: no striking features
a: no special abilities


You were on level 4 of the Dungeon.
You were hungry.

You visited 1 branch of the dungeon, and saw 5 of its levels.

You collected 227 gold pieces.

Inventory:

Hand Weapons
 a - a +0 short sword (weapon)
Missiles
 c - 111 stones (quivered)
 e - 5 tomahawks of dispersal
 w - 7 javelins
Armour
 b - a +0 leather armour (worn)
Jewellery
 m - an amulet of the acrobat (around neck)
 t - a +5 ring of evasion (left hand)
 v - a cursed +3 ring of protection (right hand)
Wands
 u - a wand of acid (4)
Scrolls
 d - a scroll of blinking
 l - 3 scrolls of identify {unknown}
 o - a scroll of teleportation {unknown}
 p - a scroll of immolation {unknown}
 q - a scroll of amnesia {unknown}
Potions
 g - a potion of cancellation {unknown}
 h - a potion of flight {unknown}
 i - 3 potions of heal wounds {unknown}
 j - a potion of mutation {unknown}
 k - 2 potions of agility {unknown}
 n - a potion of brilliance {unknown}
 r - 2 potions of degeneration {unknown}
 s - a potion of magic {unknown}
 x - a potion of lignification {unknown}
Comestibles
 f - 5 rations


   Skills:
 - Level 2.0 Fighting
 * Level 3.4 Short Blades
 - Level 1.0 Throwing
 - Level 1.1 Armour
 * Level 3.0 Dodging
 + Level 1.7 Stealth
 + Level 3.0 Spellcasting
 * Level 0.6 Charms
 + Level 3.2 Translocations


You had 5 spell levels left.
You knew the following spells:

 Your Spells              Type           Power        Failure   Level  Hunger
a - Shroud of Golubria    Chrm/Tloc      #.........   16%         2    ##.....
b - Blink                 Tloc           N/A          9%          2    ##.....

Your spell library contained the following spells:

 Spells                   Type           Power        Failure   Level  Hunger
 Bolt of Magma            Conj/Fire/Erth #.........   99%         5    ######.
 Teleport Other           Tloc           ##......     19%         3    ###....
 Iron Shot                Conj/Erth      #.........   100%        6    #######
 Statue Form              Tmut/Erth      #........    100%        6    #######
 Shatter                  Erth           #.........   100%        9    #######
 Passage of Golubria      Tloc           N/A          52%         4    ####...
 Leda's Liquefaction      Hex/Erth       #.........   92%         4    ####...
 Gell's Gravitas          Tloc           ##........   19%         3    ###....
 Lesser Beckoning         Tloc           ##........   19%         3    ###....


Dungeon Overview and Level Annotations

Branches:
Dungeon (5/15)
 Temple: D:4-7

Altars:


Message History

You hit the iguana but do no damage.
The iguana is heavily wounded.
The iguana bites you but does no damage.
You hit the iguana but do no damage.
The iguana is heavily wounded.
You completely miss the iguana.
The iguana is heavily wounded.
Your shroud begins to fray at the edges.
Your shroud bends the iguana's attack away.
You hit the iguana.
The iguana is heavily wounded.
The iguana bites you!
* * * LOW HITPOINT WARNING * * *
Your shroud falls apart!
There is a stone staircase leading up here.
The iguana closely misses you.
You climb upwards.
The crimson imp closely misses you.
There is a stone staircase leading down here.
The crimson imp barely misses you. The iguana bites you.
You die...

#..............#
#.###########†## #.# #.#####
####.#### #.....# #..(((..#
#####<# #.......# #.#
#.(..(..# #.#
#..(....############.#
#........l@5.........#
#######.......##############
#.............#
#.#######.##### #.# #.# #.#
#.# #.# ..# #.# ### ..#


You could see an iguana and a crimson imp.

Vanquished Creatures
  2 adders
  An ooze (D:1)
  2 worms
  2 dart slugs (D:3)
  A leopard gecko (D:3)
  5 orcs (D:3)
  7 bats
  A giant cockroach (D:1)
  7 goblins
  4 hobgoblins
  A jackal (D:4)
  A quokka (D:3)
  4 ball pythons
  A frilled lizard (D:2)
  3 kobolds
  7 rats
49 creatures vanquished.

Notes
Turn   | Place    | Note
-------+----------+-------------------------------------------
     0 | D:1      | Esekla the Deep Elf Warper began the quest for the Orb.
     0 | D:1      | Reached XP level 1. HP: 12/12 MP: 6/6
   263 | D:1      | Reached XP level 2. HP: 14/17 MP: 8/8
  1152 | D:1      | Learned a level 2 spell: Shroud of Golubria
  1155 | D:1      | Learned a level 2 spell: Blink
  1751 | D:2      | Reached XP level 3. HP: 9/21 MP: 9/9
  2006 | D:3      | Reached skill level 1 in Armour
  2187 | D:4      | Reached skill level 1 in Stealth
  2233 | D:5      | Entered Level 5 of the Dungeon
  2425 | D:3      | Reached XP level 4. HP: 26/26 MP: 10/10
  3060 | D:5      | HP: 1/26 [iguana (11)]
  3065 | D:4      | Slain by an iguana

Skill      XL: |  1  2  3 |
---------------+----------+-----
Fighting       | 2 |  2.0
Armour         | 1 |  1.1
Dodging        | 3 |  3.0
Stealth        | 1 |  1.7
Short Blades   | 3 |  3.4
Throwing       | |  1.0
Spellcasting   | |  3.0
Charms         | |  0.6
Translocations | |  3.2

Action                   |  1- 3 |  4- 6 || total
-------------------------+-------+-------++-------
Melee: Short sword       |   182 |   126 ||   308
Throw: Stone             |    46 |     6 ||    52
       Javelin           |       |     4 ||     4
 Cast: Shroud of Golubri |     3 |     2 ||     5
 Stab: Distracted        |     1 |       ||     1
       Sleeping          |       |     1 ||     1
  Eat: Ration            |     2 |       ||     2
Armor: Leather armour    |    31 |    14 ||    45
Dodge: Dodged            |   129 |    86 ||   215
